 Dungeon Crawl Stone Soup version 0.31-a0-662-g684573625c (webtiles) character file.

Game seed: 2064866058216206440

574 Joey1 the Cleaver (level 7, -8/61 HPs)
             Began as a Minotaur Fighter on Sept 1, 2023.
             Mangled by Edmund
             ... wielding a +1 dire flail of protection
              (10 damage)
             ... on level 5 of the Dungeon.
             The game lasted 00:08:02 (3552 turns).

Joey1 the Cleaver (Minotaur Fighter)                Turns: 3552, Time: 00:08:03

Health: -8/61      AC:  9    Str: 23    XL:     7   Next: 12%
Magic:  6/6        EV: 10    Int:  5    God:
Gold:   205        SH:  5    Dex: 15    Spells: 6/6 levels left

rFire   . . .        a - +0 war axe
rCold   + . .        c - +0 buckler
rNeg    . . .        B - +0 scale mail of Ujanusuu {Rampage Drain +Inv rC+}
rPois   .            t - +2 hat
rElec   .            (no cloak)
rCorr   .            (no gloves)
SInv    .            (no boots)
Will    .....        (no amulet) Stlth
                     n - +6 ring of dexterity
HPRegen 0.30/turn    (no ring)
MPRegen 0.10/turn

%: rampage
@: no status effects
A: horns 2, retaliatory headbutt
a: Evoke Invisibility


You were on level 5 of the Dungeon.
You visited 1 branch of the dungeon, and saw 5 of its levels.

You collected 205 gold pieces.

Inventory:

Hand Weapons
 a - a +0 war axe (weapon)
Missiles
 r - 4 boomerangs
Armour
 b - a +0 scale mail
 c - a +0 buckler (worn)
 t - a +2 hat (worn)
 B - the +0 scale mail of Ujanusuu (worn) {Rampage Drain +Inv rC+}
   (You found it on level 4 of the Dungeon)

   rC+:       It protects you from cold.
   +Inv:      It lets you turn invisible.
   Drain:     It drains your maximum health when unequipped.
   Rampage:   It bestows one free step when moving towards enemies.
Jewellery
 n - a +6 ring of dexterity (left hand)
 p - a ring of fire
 u - an amulet of magic regeneration
Wands
 y - a wand of roots (7)
Scrolls
 j - a scroll of fear {unknown}
 l - 2 scrolls of vulnerability {unknown}
 m - 2 scrolls of noise {unknown}
 q - a scroll of enchant armour {unknown}
 s - a scroll of amnesia {unknown}
 v - a scroll of teleportation {unknown}
 w - 2 scrolls of blinking {unknown}
 x - a scroll of enchant weapon {unknown}
 A - 2 scrolls of torment {unknown}
 C - a scroll of fog {unknown}
Potions
 d - a potion of might
 e - 2 potions of enlightenment {unknown}
 f - a potion of degeneration {unknown}
 g - a potion of curing {unknown}
 h - 3 potions of attraction {unknown}
 i - a potion of heal wounds {unknown}
 k - 2 potions of lignification {unknown}
 o - a potion of ambrosia {unknown}
 z - a potion of haste {unknown}


   Skills:
 - Level 5.0 Fighting
 + Level 8.1 Axes
 - Level 4.0 Armour
 - Level 2.0 Dodging
 - Level 4.0 Shields


You had 6 spell levels left.
You didn't know any spells.
Your spell library contained the following spells:

 Spells                   Type           Power      Damage    Failure   Level
 Hailstorm                Conj/Ice       0%         3d3       99%         3
 Summon Ice Beast         Ice/Summ       0%         N/A       100%        4
 Simulacrum               Ice/Necr       0%         N/A       100%        6


Dungeon Overview and Level Annotations

Branches:
Dungeon (5/15)
 Temple: D:4-7

Altars:
Kikubaaqudgha
Makhleb
Xom

Annotations:
D:5 Edmund


Innate Abilities, Weirdness & Mutations

You have a pair of horns on your head.
You reflexively headbutt those who attack you in melee.


Message History

You completely miss something. Something hits you but does no damage.
Something unexpectedly blocked you, preventing you from rampaging!
You barely miss something. Your headbutt misses something.
Something hits you but does no damage.
Something unexpectedly blocked you, preventing you from rampaging!
You hit something but do no damage. Your headbutt misses something.
A sky beast appears from thin air!
Reactivating autopickup.
The sky beast hits you but does no damage. x2
You barely miss the sky beast.
The sky beast is severely wounded.
The sky beast hits you but does no damage.
You barely miss the sky beast.
The sky beast is severely wounded.
The sky beast hits you.
* * * LOW HITPOINT WARNING * * *
The sky beast shocks you.
* * * LOW HITPOINT WARNING * * *
Edmund grinds his teeth, and then sighs.
You barely miss the sky beast. Your headbutt misses the sky beast.
The sky beast is severely wounded.
The sky beast hits you but does no damage.
You closely miss the sky beast. You headbutt the sky beast!
You kill the sky beast!
Your Axes skill increases to level 8!
You have reached level 7!
You hit Edmund but do no damage. You headbutt Edmund, but do no damage.
Edmund is moderately wounded.
Edmund hits you with a +1 dire flail of protection.
* * * LOW HITPOINT WARNING * * *
You barely miss Edmund.
Edmund is moderately wounded.
Edmund hits you with a +1 dire flail of protection.
* * * LOW HITPOINT WARNING * * *
Edmund closely misses you.
You hit Edmund.
Edmund is moderately wounded.
Edmund hits you with a +1 dire flail of protection!
You die...
Edmund says, "I'd like to see a scythe do that!"

..#.# .. #.# .# .....
.. #.## ..##.##...
#..## #........ ##..#
##...#... #. .# ##.#
......... #. . #.#
#.##..... #.#. #.#
....!...#########...
#.#
..##.....@@........#
#.#
.........######....#
#.# ####.##..###
#.#†)## #.# # #..†.#
#.#...### #.#
#....####.#.#...# #.#
#....))##.#..##.###.#
#....#.....#.##..##.#
#.####.....#.###.##.#
#..# ##....#.# #.##.#


You could see Edmund.

Vanquished Creatures
  Sigmund (D:2)
  A sky beast (D:5)
  A scorpion (D:5)
  A howler monkey (D:5)
  A hound (D:3)
  An orc priest (D:3)
  6 adders
  3 gnolls (D:4)
  2 dart slugs
  10 orcs
  4 ball pythons
  3 endoplasms
  5 giant cockroaches
  4 goblins
  3 hobgoblins
  10 jackals
  5 kobolds
  A quokka (D:3)
  4 bats
  2 frilled lizards
  12 rats
80 creatures vanquished.

Notes
Turn   | Place    | Note
-------+----------+-------------------------------------------
     0 | D:1      | Joey1 the Minotaur Fighter began the quest for the Orb.
     0 | D:1      | Reached XP level 1. HP: 19/19 MP: 0/0
   151 | D:1      | Reached XP level 2. HP: 27/27 MP: 1/1
   691 | D:1      | Reached skill level 1 in Dodging
  1113 | D:2      | Noticed Sigmund
  1120 | D:2      | Killed Sigmund
  1121 | D:2      | Reached skill level 5 in Fighting
  1121 | D:2      | Reached skill level 4 in Axes
  1121 | D:2      | Reached XP level 3. HP: 27/36 MP: 2/2
  1121 | D:2      | Reached XP level 4. HP: 32/42 MP: 3/3
  1121 | D:2      | Reached XP level 5. HP: 37/48 MP: 4/4
  1292 | D:2      | Reached skill level 5 in Axes
  1332 | D:2      | Found a faded altar of an unknown god.
  1751 | D:3      | Found a burning altar of Makhleb.
  1762 | D:3      | Reached XP level 6. HP: 56/56 MP: 5/5
  1765 | D:3      | Found an ancient bone altar of Kikubaaqudgha.
  1850 | D:3      | Reached skill level 6 in Axes
  1862 | D:3      | Found a shimmering altar of Xom.
  2621 | D:4      | Identified the +0 scale mail of Ujanusuu {Rampage Drain
                  | +Inv rC+}
  3359 | D:5      | Entered Level 5 of the Dungeon
  3369 | D:5      | Reached skill level 7 in Axes
  3520 | D:5      | Noticed a sky beast
  3528 | D:5      | Noticed Edmund
  3549 | D:5      | Killed a sky beast
  3550 | D:5      | Reached skill level 8 in Axes
  3550 | D:5      | Reached XP level 7. HP: 8/61 MP: 6/6
  3551 | D:5      | HP: 2/61 [Edmund/+1 dire flail of protection (3)]
  3552 | D:5      | Mangled by Edmund

Illustrated notes

Levels and vault maps discovered:
D:1:      saegor_arrival_simple_c, layout_basic, chequers_serial_rivers_room_a,
          st_stairs_11
D:2:      layout_rooms, ebering_ecumenical_altar_rust, minmay_rat_gold_closets,
          uniq_sigmund
D:3:      layout_basic, minitemple, overflow_temple_1_default,
          chequers_serial_rivers_small_b
D:4:      layout_cave_pods
D:5:      layout_rooms, uniq_edmund

Skill      XL: |  1  2  3  4  5  6 |
---------------+-------------------+-----
Dodging        | 2 |  2.0
Armour         | 4 |  4.0
Fighting       | 5 |  5.0
Axes           | 4 5 8 |  8.1
Shields        | 4 |  4.0

Action                     |  1- 3 |  4- 6 |  7- 9 || total
---------------------------+-------+-------+-------++-------
  Melee: War axe           |    46 |   127 |     3 ||   176
         Headbutt          |     7 |    17 |     1 ||    25
 Armour: Scale mail        |    28 |    79 |     3 ||   110
  Dodge: Dodged            |    28 |    45 |     1 ||    74
  Block: Buckler           |    13 |    29 |       ||    42

Table legend: (Time is in decaauts)
 A = Elapsed time spent in this place.
 B = Non-inter-level travel time spent in this place.
 C = Inter-level travel time spent in this place.
 D = Time resting spent in this place.
 E = Time spent auto-exploring this place.
 F = Levels seen in this place.
 G = Mean time per level.
                   A        B        C        D        E       F      G
               +--------+--------+--------+--------+--------+-----+--------+
         Total |   3597 |   3434 |    163 |     36 |   2919 |   5 |  719.4 |
       Dungeon |   3597 |   3434 |    163 |     36 |   2919 |   5 |  719.4 |
               +--------+--------+--------+--------+--------+-----+--------+

Top non-repeatable levels by time:
     D:1: 1108 daAuts
     D:3: 981 daAuts
     D:4: 805 daAuts
     D:2: 503 daAuts
     D:5: 199 daAuts
